 Dungeon Crawl Stone Soup version 0.28.0-62-gf88900778d (webtiles) character file.

Game seed: 14774146566700462536

4450 Quintus the Severer (level 10, -3/78 HPs)
             Began as a Minotaur Berserker on Mar 3, 2023.
             Was a Priest of Trog.
             Shot with a sling bullet by Joseph (17 damage)
             ... on level 8 of the Dungeon.
             The game lasted 00:49:24 (9326 turns).

Quintus the Severer (Minotaur Berserker)            Turns: 9326, Time: 00:49:25

Health: -3/78      AC: 11    Str: 25    XL:     10   Next: 15%
Magic:  3/3        EV:  9    Int:  4    God:    Trog [***...]
Gold:   380        SH:  0    Dex: 11    Spells: 9/9 levels left

rFire   + . .      SeeInvis .   m - +0 hand axe (antimagic)
rCold   x . .      Faith    .   (no shield)
rNeg    + . .      Spirit   .   C - +0 chain mail {rN+}
rPois   .          Reflect  .   (helmet restricted)
rElec   .          Harm     .   p - +0 cloak
rCorr   .          Rampage  .   c - +0 pair of gloves
Will    .....                   (no boots)
Stlth   ..........              (no amulet)
HPRegen 0.23/turn               e - +4 ring of protection
MPRegen 0.08/turn               d - ring of fire

@: studying Armour
A: horns 2, retaliatory headbutt, beak, deformed body
a: Renounce Religion, Berserk, Trog's Hand


You were on level 8 of the Dungeon.
You worshipped Trog.
Trog was most pleased with you.
You visited 2 branches of the dungeon, and saw 9 of its levels.

You collected 380 gold pieces.

Inventory:

Hand Weapons
 a - a +0 hand axe
 k - a +1 rapier of venom
 m - a +0 antimagic hand axe (weapon)
 o - a +4 quarterstaff of chaos
Missiles
 y - 2 throwing nets (quivered)
Armour
 b - a +0 animal skin
 c - a +0 pair of gloves (worn)
 g - a +0 leather armour
 p - a +0 cloak (worn)
 w - a +2 leather armour of poison resistance
 C - a +0 chain mail of positive energy (worn)
Jewellery
 d - a ring of fire (right hand)
 e - a +4 ring of protection (left hand)
 x - the amulet "Buchyjuv" {Faith *Corrode Will+ Str+2 Int+3}
   (You found it on level 7 of the Dungeon)

   [amulet of faith]

   It allows you to gain divine favour quickly.
   Str:       It affects your strength (+2).
   Int:       It affects your intelligence (+3).
   *Corrode:  It may corrode you when you take damage.
   Will:      It increases your willpower.
 A - a ring of ice
Wands
 i - a wand of digging (2)
 n - a wand of flame (20)
 E - a wand of acid (17)
Scrolls
 f - a scroll of holy word {unknown}
 h - a scroll of enchant armour {unknown}
 j - a scroll of immolation {unknown}
 q - a scroll of enchant weapon {unknown}
 s - 4 scrolls of blinking
 t - 2 scrolls of teleportation
 B - a scroll of amnesia {unknown}
 D - a scroll of torment {unknown}
 G - a scroll of fog
Potions
 l - 2 potions of lignification {unknown}
 r - a potion of curing {DIck}
 u - 2 potions of heal wounds
 v - a potion of berserk rage {unknown}
 z - a potion of haste {unknown}
 F - a potion of cancellation {unknown}


   Skills:
 - Level 3.7 Fighting
 + Level 17.3(17.4) Axes
 - Level 1.0(11.4) Polearms
 - Level 2.6 Armour
 - Level 2.3 Dodging


You had 9 spell levels left.
You didn't know any spells.
Your spell library was empty.

Dungeon Overview and Level Annotations

Branches:
Dungeon (8/15)             Temple (1/1) D:6
   Lair: D:8-11

Altars:
Ashenzari
Cheibriados
Dithmenos
Elyvilon
Fedhas
Gozag
Hepliaklqana
Kikubaaqudgha
Makhleb
Nemelex Xobeh
Qazlal
Ru
Sif Muna
Trog
Uskayaw
Vehumet
Xom
Yredelemnul
Zin
The Shining One
Beogh

Shops:
D:6 *

Annotations:
D:8 Joseph


Innate Abilities, Weirdness & Mutations

You have a pair of horns on your head.
You reflexively headbutt those who attack you in melee.
You have a beak for a mouth.
Armour fits poorly on your strangely shaped body.


Message History

You headbutt the killer bee.
You hit the killer bee but do no damage.
Your peck misses the killer bee.
The killer bee is severely wounded.
The killer bee stings you.
You hit the killer bee.
The killer bee is severely wounded.
The killer bee barely misses you. You furiously retaliate!
You headbutt the killer bee.
The killer bee stings you but does no damage.
You hit the killer bee.
You kill the killer bee!
Trog accepts your kill.
Found a wand of acid (8).
G - a scroll of fog
Found a chain mail, a scroll of identify and a sapphire ring.
You now have 380 gold pieces (gained 8).
E - a wand of acid (17) (gained 8 charges)
Found a potion of curing.
Joseph, a Mercenary comes into view.
He is wielding a +0 quarterstaff and carrying a wand of iceblast (6).
Joseph shouts!
Joseph unwields a +0 quarterstaff.
Joseph wields a +0 hunting sling.
Joseph shoots a sling bullet.
The sling bullet hits you!
Joseph zaps a wand.
The mass of ice explodes!
The iceblast engulfs you!
You feel a painful chill!
Joseph zaps a wand.
The mass of ice explodes!
The iceblast engulfs you.
Joseph zaps a wand.
The mass of ice explodes!
The iceblast engulfs you!!
You feel a painful chill!
You see here a ring of protection from fire.
Joseph shoots a sling bullet.
The sling bullet hits you!
* * * LOW HITPOINT WARNING * * *
Joseph shoots a sling bullet.
The sling bullet barely misses you.
You see here a scroll of identify.
Joseph shoots a sling bullet.
The sling bullet completely misses you.
You see here a +0 chain mail.
Joseph shoots a sling bullet.
The sling bullet hits you.
* * * LOW HITPOINT WARNING * * *
Joseph shoots a sling bullet.
The sling bullet barely misses you.
Joseph shoots a sling bullet.
The sling bullet hits you!
You die...

#.........####.........#
.......................##
#.......####............##
..#####.# #..)...........#
..# #.##..#..#.........#
.## #.#..###....^......#
...# ###.........# .##
#.........# #@.......##
#.........# #....[?.=.#
#.........# #...!...@...#
#...........#
##..........# ##.........#
#####.....#


You could see Joseph.

Vanquished Creatures
  Harold (D:7)
  Pikel (D:7)
  Grinder (D:4)
  6 yaks (D:5)
  Eustachio (D:6)
  2 steam dragons (D:7)
  Duvessa (D:7)
  2 orc warriors (D:6)
  A black bear (D:5)
  2 sky beasts (D:6)
  An ice beast (D:8)
  An ogre (D:6)
  2 centaurs
  4 lemures (D:7)
  A bullfrog (D:7)
  Blork the orc (D:6)
  3 scorpions
  2 water moccasin zombies
  Dowan (D:7)
  A killer bee (D:8)
  A howler monkey (D:6)
  A bullfrog zombie (D:6)
  A jelly (D:7)
  2 orc priests (D:6)
  Crazy Yiuf (D:3)
  2 hounds
  Jessica (D:2)
  An iguana (D:5)
  2 orc wizards
  A killer bee zombie (D:7)
  A gnoll (D:7)
  A howler monkey skeleton (D:4)
  A river rat (D:6)
  4 adders
  2 white imps
  2 ufetubi
  4 worms
  The ghost of elgoggo the Sneak, a weakling DDDe (D:6)
  4 dart slugs
  15 orcs
  3 ball pythons
  7 bats
  3 endoplasms
  2 giant cockroaches
  3 goblins
  2 hobgoblins
  4 jackals (D:4)
  7 quokkas
  4 frilled lizards
  8 kobolds
  7 rats
133 creatures vanquished.

Vanquished Creatures (others)
  4 fungi (D:3)
  A plant (D:2)
5 creatures vanquished.

Grand Total: 138 creatures vanquished

Notes
Turn   | Place    | Note
-------+----------+-------------------------------------------
     0 | D:1      | Quintus the Minotaur Berserker began the quest for the Orb.
     0 | D:1      | Reached XP level 1. HP: 19/19 MP: 0/0
  1004 | D:1      | Reached XP level 2. HP: 27/27 MP: 1/1
  1172 | D:2      | Reached skill level 1 in Polearms
  1236 | D:2      | Reached skill level 4 in Axes
  1359 | D:2      | Noticed Jessica
  1366 | D:2      | Killed Jessica
  1367 | D:2      | Reached skill level 5 in Axes
  1367 | D:2      | Reached XP level 3. HP: 33/33 MP: 2/2
  1368 | D:2      | Found a faded altar of an unknown god.
  1564 | D:2      | Reached XP level 4. HP: 40/40 MP: 3/3
  1850 | D:3      | Reached ** piety under Trog
  1851 | D:3      | Reached skill level 6 in Axes
  1946 | D:3      | Found a shimmering altar of Xom.
  2220 | D:3      | Found a white marble altar of Elyvilon.
  2225 | D:3      | Found a sacrificial altar of Ru.
  2667 | D:3      | Found a runed translucent door.
  2668 | D:3      | Noticed Crazy Yiuf
  2675 | D:3      | Killed Crazy Yiuf
  2676 | D:3      | Reached XP level 5. HP: 46/46 MP: 1/4
  2856 | D:4      | Reached skill level 7 in Axes
  2882 | D:4      | Found a glowing silver altar of Zin.
  3062 | D:4      | Noticed Grinder
  3081 | D:4      | Reached XP level 6. HP: 50/52 MP: 1/5
  3109 | D:4      | Paralysed by Grinder for 6 turns
  3114 | D:4      | HP: 2/52 [Grinder (6)]
  3117 | D:4      | Gained mutation: Armour fits poorly on your strangely
                  | shaped body. [potion of mutation]
  3117 | D:4      | Gained mutation: You have a beak for a mouth. [potion of
                  | mutation]
  3127 | D:4      | Killed Grinder
  3128 | D:4      | Reached skill level 9 in Axes
  3685 | D:5      | Entered Level 5 of the Dungeon
  3796 | D:5      | Found a snail-covered altar of Cheibriados.
  4022 | D:5      | Noticed a yak
  4046 | D:5      | Killed a yak
  4047 | D:5      | Reached skill level 10 in Axes
  4047 | D:5      | Reached XP level 7. HP: 48/58 MP: 2/6
  4396 | D:5      | Found a glowing golden altar of the Shining One.
  4396 | D:5      | Noticed a yak
  4396 | D:5      | Noticed a yak
  4396 | D:5      | Noticed a yak
  4397 | D:5      | Noticed a yak
  4401 | D:5      | Noticed a yak
  4745 | D:5      | Reached skill level 11 in Axes
  4796 | D:5      | Killed a yak
  4797 | D:5      | Reached XP level 8. HP: 64/66 MP: 2/7
  4800 | D:5      | Reached skill level 12 in Axes
  4810 | D:5      | Reached *** piety under Trog
  4831 | D:5      | Reached skill level 13 in Axes
  5310 | D:6      | Found a staircase to the Ecumenical Temple.
  5350 | Temple   | Entered the Ecumenical Temple
  5947 | D:6      | Noticed Blork the orc
  5965 | D:6      | Killed Blork the orc
  6193 | D:6      | Noticed Eustachio
  6201 | D:6      | Reached skill level 14 in Axes
  6201 | D:6      | Reached XP level 9. HP: 25/71 MP: 2/8
  6212 | D:6      | Killed Eustachio
  6553 | D:6      | Found a broken altar of Ashenzari.
  6808 | D:6      | Found Fuoq's General Store.
  6810 | D:6      | Found a runed translucent gate.
  6810 | D:6      | Found a runed translucent gate.
  6810 | D:6      | Found a runed translucent gate.
  6822 | D:6      | Noticed elgoggo's ghost (weakling DDDe)
  6848 | D:6      | Killed elgoggo's ghost
  6862 | D:6      | Reached skill level 15 in Axes
  7523 | D:7      | Identified the amulet "Buchyjuv" {Faith *Corrode Will+
                  | Str+2 Int+3}
  7656 | D:7      | Noticed Pikel
  7680 | D:7      | Killed Pikel
  7681 | D:7      | Reached skill level 16 in Axes
  8356 | D:7      | Noticed Harold
  8363 | D:7      | Paralysed by Harold for 5 turns
  8388 | D:7      | Killed Harold
  8389 | D:7      | Reached skill level 17 in Axes
  8389 | D:7      | Reached XP level 10. HP: 43/78 MP: 3/9
  8747 | D:7      | Noticed Dowan
  8748 | D:7      | Noticed Duvessa
  8762 | D:7      | Killed Duvessa
  8764 | D:7      | Killed Dowan
  8944 | D:7      | Found a burning altar of Makhleb.
  9314 | D:8      | Noticed Joseph
  9326 | D:8      | Shot with a sling bullet by Joseph

Illustrated notes

Levels and vault maps discovered:
D:1:      matt_arrival_debris, layout_basic
D:2:      layout_basic, shapermc_ecumenical_altar_rom_forum,
          chequers_serial_rivers_small_a, uniq_jessica
D:3:      layout_loops_cross, mainiacjoe_overflow_brackets,
          mainiacjoe_overflow_divided_tiny, uniq_crazy_yiuf_cottage
D:4:      layout_rooms, mainiacjoe_overflow_tiny_flanked, uniq_grinder
D:5:      layout_basic, mainiacjoe_overflow_24_doors,
          nicolae_tso_swordbearing_angel, hex_large, minmay_manual_mess
D:6:      layout_basic, ashenzari_conservatory_becter,
          minmay_temple_entry_glass, serial_glass, glass_columns_b,
          glass_columns_a, feat_on_display, item_on_display_a,
          minmay_strange_pillars, gup_sewer_entry_spiral, serial_shops,
          shop_fountains, biasface_ghost_orc_armoury,
          nicolae_figureground_sparkle, uniq_blork_the_orc, uniq_eustachio
D:7:      layout_gridville, mainiacjoe_overflow_chevrons, minmay_bent,
          uniq_duvessa, uniq_pikel, uniq_harold
D:8:      layout_rooms, kennysheep_just_a_vault, uniq_joseph
Temple:   minmay_temple_forest_path

Skill      XL: |  1  2  3  4  5  6  7  8  9 |
---------------+----------------------------+-----
Polearms       | 1 |  1.0
Axes           | 5 6 7 10 11 14 17 | 17.3
Fighting       | |  3.7
Armour         | |  2.6
Dodging        | |  2.3

Action                   |  1- 3 |  4- 6 |  7- 9 | 10-12 || total
-------------------------+-------+-------+-------+-------++-------
Melee: Hand axe          |    61 |   151 |   253 |    26 ||   491
       Headbutt          |     8 |    30 |    41 |     3 ||    82
       Punch             |     1 |       |     5 |     1 ||     7
       Peck              |       |     5 |    39 |     5 ||    49
Invok: Berserk           |       |     2 |     5 |       ||     7
  Use: Scroll            |     2 |       |     2 |       ||     4
       Potion            |       |     7 |     4 |       ||    11
Armor: Leather armour    |    39 |    53 |    92 |       ||   184
       Animal skin       |     5 |       |       |       ||     5
       Chain mail        |       |       |       |     8 ||     8
Dodge: Dodged            |    44 |    77 |   127 |     6 ||   254
